 Dungeon Crawl Stone Soup version 0.23.0-3-gf3c87f2df8 (webtiles) character file.

Game seed: 8328389319369549152

336 Grim the Twirler (level 6, 0/44 HPs)
             Began as a Mummy Gladiator on Feb 24, 2019.
             Slain by an orc
             ... wielding a +0 war axe
              (9 damage)
             ... on level 3 of the Dungeon.
             The game lasted 00:05:38 (3284 turns).

Grim the Twirler (Mummy Gladiator)                  Turns: 3284, Time: 00:05:38

Health: 0/44       AC:  9    Str: 18    XL:     6   Next: 28%
Magic:  6/6        EV: 12    Int:  9    God:
Gold:   153        SH:  0    Dex: 13    Spells: 5/5 levels left

rFire    x . .     SeeInvis .   a - +0 quarterstaff
rCold    + . .     Gourm    .   (shield currently unavailable)
rNeg     + + +     Faith    .   f - +3 leather armour {MR+}
rPois    ∞         Spirit   .   h - +1 helmet
rElec    .         Reflect  .   l - +0 cloak
rCorr    .         Harm     .   (no gloves)
MR       +....                  (no boots)
Stlth    +.........             (no amulet)
HPRegen  0.14/turn              (no ring)
MPRegen  0.10/turn              (no ring)

@: no status effects
A: no food or potions, fire vulnerability, cold resistance 1, negative energy
resistance 3, torment resistance, unbreathing
a: no special abilities


You were on level 3 of the Dungeon.
You were not hungry.

You visited 1 branch of the dungeon, and saw 3 of its levels.

You collected 153 gold pieces.

Inventory:

Hand Weapons
 a - a +0 quarterstaff (weapon)
Missiles
 d - 3 throwing nets (quivered)
 j - 2 steel javelins
Armour
 f - a +3 leather armour of magic resistance (worn)
 h - a +1 helmet (worn)
 l - a +0 cloak (worn)
Scrolls
 b - 3 scrolls of enchant armour {unknown}
 c - a scroll of immolation {unknown}
 e - 7 scrolls of identify {unknown}
 g - 2 scrolls of remove curse {unknown}
 i - a scroll of blinking {unknown}
 k - a scroll of teleportation {unknown}


   Skills:
 - Level 2.0 Fighting
 + Level 5.9 Staves
 - Level 1.5 Throwing
 - Level 2.4 Dodging


You had 5 spell levels left.
You didn't know any spells.
Your spell library was empty.

Dungeon Overview and Level Annotations

Branches:
Dungeon (3/15)

Altars:
Gozag
Hepliaklqana
Ru
Trog
Vehumet
Yredelemnul


Innate Abilities, Weirdness & Mutations

You do not eat or drink.
Your flesh is vulnerable to fire.
You are immune to poison.
Your flesh is cold resistant. (rC+)
You are immune to negative energy. (rN+++)
You are immune to unholy pain and torment.
You can survive without breathing.


Message History

The orc wizard closely misses you. The orc hits you with a +0 war axe.
You closely miss the orc wizard.
The orc wizard is moderately wounded.
The orc wizard hits you but does no damage. x2
The orc closely misses you.
You completely miss the orc wizard.
The orc wizard is moderately wounded.
The orc wizard closely misses you.
You hit the orc wizard.
The orc wizard is severely wounded.
The orc wizard barely misses you. The orc hits you with a +0 war axe!
The orc wizard gestures at you while chanting.
The magic dart hits you!
* * * LOW HITPOINT WARNING * * *
You hit the orc wizard.
You kill the orc wizard!
The orc hits you but does no damage.
You barely miss the orc. The orc closely misses you.
You barely miss the orc. The orc hits you with a +0 war axe!
You die...

#.# #...(...#
#
#.####.....##
#
#..####.%.##
## ##..#
##### ##.
##.# ##..
##[#### #...
#.%...# #...
#.....# #...
#@o...# #...
#[)...# #...
#.....# #...
#..>..# #...
#.....# ##..
#.....# #...
####### #...
#... #...


You could see an orc.

Vanquished Creatures
  A bullfrog (D:2)
  A scorpion (D:3)
  An orc priest (D:3)
  An orc wizard (D:3)
  3 gnolls (D:2)
  4 adders
  2 oozes (D:2)
  4 worms
  3 leopard geckos
  An orc (D:3)
  2 ball pythons
  9 bats
  6 giant cockroaches
  8 hobgoblins
  12 jackals
  4 kobolds (D:2)
  A quokka (D:3)
  5 frilled lizards
  6 goblins
  7 rats
81 creatures vanquished.

Notes
Turn   | Place    | Note
-------+----------+-------------------------------------------
     0 | D:1      | Grim the Mummy Gladiator began the quest for the Orb.
     0 | D:1      | Reached XP level 1. HP: 16/16 MP: 1/1
   374 | D:1      | Reached XP level 2. HP: 21/22 MP: 2/2
   386 | D:1      | Reached skill level 3 in Staves
  1190 | D:2      | Reached XP level 3. HP: 23/27 MP: 3/3
  1226 | D:2      | Noticed a bullfrog
  1242 | D:2      | Killed a bullfrog
  1242 | D:2      | Reached skill level 4 in Staves
  1242 | D:2      | Reached XP level 4. HP: 21/33 MP: 4/4
  1611 | D:2      | Reached XP level 5. HP: 22/38 MP: 5/5
  2088 | D:2      | Reached skill level 5 in Staves
  2206 | D:2      | Found a basalt altar of Yredelemnul.
  2566 | D:2      | Found a hazy altar of Hepliaklqana.
  2840 | D:3      | Found a sacrificial altar of Ru.
  2840 | D:3      | Found a radiant altar of Vehumet.
  2846 | D:3      | Found a faded altar of an unknown god.
  2914 | D:3      | Found a bloodstained altar of Trog.
  2916 | D:3      | Found an opulent altar of Gozag.
  3039 | D:3      | Reached XP level 6. HP: 35/44 MP: 6/6
  3284 | D:3      | Slain by an orc

Skill      XL: |  1  2  3  4  5 |
---------------+----------------+-----
Staves         | 3 4 5 |  5.9
Fighting       | |  2.0
Throwing       | |  1.5
Dodging        | |  2.4

Action                   |  1- 3 |  4- 6 || total
-------------------------+-------+-------++-------
Melee: Quarterstaff      |    74 |   199 ||   273
Throw: Throwing net      |     3 |       ||     3
 Stab: Sleeping          |     1 |       ||     1
Armor: Leather armour    |    28 |    57 ||    85
Dodge: Dodged            |    54 |   138 ||   192
